[Event "FIDE Open World Rapid 2024"]
[Site "New York"]
[Date "2024.12.27"]
[Round "6.1"]
[White "Carlsen, Magnus"]
[Black "Hardaway, Brewington"]
[Result "1-0"]
[ECO "A13"]
[WhiteElo "2831"]
[BlackElo "2499"]
[Annotator "TA"]
[PlyCount "79"]
[EventDate "2024.12.14"]
[EventType "swiss"]
[EventCountry "USA"]
[SourceTitle "playchess.com"]
[Source "ChessBase"]
[SourceQuality "1"]
[TimeControl "900+10"]

1. Nf3 Nf6 2. c4 e6 3. g3 d5 4. Bg2 d4 5. d3 c5 6. e4 Nc6 7. e5 Nd7 8. Qe2 Qc7 9. Bf4 h6 10. h4 b6 11. Nbd2 Bb7 12. a3 Be7 (12... Ncxe5 $2 13. Nxe5 Bxg2 14. Nxf7 $18) 13. h5 O-O-O (13... Ncxe5 $2 14. Nxe5 Bxg2 15. Nxf7 $18) 14. Kf1 Rdg8 15. Ne4 Ncxe5 (15... Ndxe5 $6 16. b4 (16. Nxc5 bxc5 17. Bxe5 Nxe5 $11) 16... f6 (16... cxb4 $2 17. Nxe5 Nxe5 18. axb4 $18) 17. bxc5 $16) 16. Nxe5 Nxe5 17. b4 (17. Nxc5 $5 Bxg2+ 18. Kxg2 bxc5 19. Bxe5 (19. Qxe5 Qxe5 20. Bxe5 f6 $16) 19... Qb7+ 20. Kg1 $15) 17... f5 (17... cxb4 18. axb4 Qb8 19. Bxe5 Qxe5 20. Rxa7 $18) (17... f6 $1 $11) 18. Nxc5 $1 $18 Bxg2+ 19. Kxg2 Qc6+ (19... Bxc5 {was necessary.} 20. Bxe5 (20. Qxe5 Qxe5 21. Bxe5 Be7 $18) 20... Bd6) 20. f3 $18 Nxf3 21. Qxe6+ (21. Qxf3 $6 Qxf3+ 22. Kxf3 bxc5 $16) 21... Qxe6 22. Nxe6 Ng5 23. Rhe1 ({Don't play} 23. Nxd4 Bf6) 23... Nxe6 24. Rxe6 Kd7 25. Rae1 Re8 26. R1e5 Bf6 $2 (26... Bg5 27. Rd6+ Kc7) 27. Rxe8 $18 Rxe8 28. Rxe8 ({Less strong is} 28. Rxf5 Re1 29. Rd5+ Ke6 $18) 28... Kxe8 29. b5 Kd7 30. a4 Ke6 31. Bb8 Bd8 32. Bxa7 Kd6 33. Bb8+ Kc5 34. Be5 Bf6 35. Bc7 Bg5 36. Kf3 Bd2 37. Be5 Be3 38. Bxg7 Kb4 39. Be5 Kxa4 40. Bf4 1-0

[Event "FIDE Open World Rapid 2024"]
[Site "New York"]
[Date "2024.12.27"]
[Round "6.1"]
[White "Lodici, Lorenzo"]
[Black "Dardha, Daniel"]
[Result "0-1"]
[ECO "B12"]
[WhiteElo "2564"]
[BlackElo "2639"]
[Annotator "ChessBase"]
[PlyCount "82"]
[EventDate "2024.12.14"]
[EventType "swiss"]
[EventCountry "USA"]
[SourceTitle "playchess.com"]
[Source "ChessBase"]
[SourceQuality "1"]
[TimeControl "900+10"]

1. e4 c6 2. d4 d5 3. f3 e6 4. Nc3 Bb4 5. Bd2 Ne7 6. h4 c5 7. a3 Bxc3 8. Bxc3 Nbc6 9. dxc5 e5 10. b4 O-O 11. h5 h6 12. Bd3 f5 13. Ne2 fxe4 14. fxe4 d4 15. Bd2 Be6 16. Ng3 a5 17. Rf1 Qc7 18. Rxf8+ Rxf8 19. Qe2 Qc8 20. b5 Bg4 21. Bc4+ Kh8 22. Qd3 Nb8 23. Bxa5 Nd7 24. Bb4 Nxc5 25. Bxc5 Qxc5 26. Kd2 Rf2+ 27. Kc1 Nc8 28. Rb1 Nb6 29. Rb4 Rxg2 30. Qb3 Rf2 31. Bd3 Rf3 32. Nf5 Bxf5 33. exf5 e4 34. Qf7 exd3 35. Qe8+ Kh7 36. Qg6+ Kg8 37. Qe8+ Qf8 38. Qe6+ Kh8 39. Qxb6 Qc8 40. c4 dxc3 41. Qg1 Qxf5 0-1

[Event "FIDE Open World Rapid 2024"]
[Site "New York"]
[Date "2024.12.27"]
[Round "6.2"]
[White "Suleymanli, Aydin"]
[Black "Manafov, Vugar"]
[Result "1-0"]
[ECO "E14"]
[WhiteElo "2623"]
[BlackElo "2431"]
[Annotator "ChessBase"]
[PlyCount "53"]
[EventDate "2024.12.14"]
[EventType "swiss"]
[EventCountry "USA"]
[SourceTitle "playchess.com"]
[Source "ChessBase"]
[SourceQuality "1"]
[TimeControl "900+10"]

1. d4 Nf6 2. c4 e6 3. Nf3 Bb4+ 4. Nbd2 b6 5. a3 Bxd2+ 6. Qxd2 Bb7 7. e3 O-O 8. b3 d5 9. Bb2 Nbd7 10. Be2 c5 11. O-O dxc4 12. bxc4 Rc8 13. Rfc1 Ne4 14. Qe1 Rc7 15. a4 Ng5 16. Nd2 Qf6 17. f3 h6 18. Qg3 Rfc8 19. h4 Nh7 20. Bd3 Nhf8 21. h5 cxd4 22. exd4 Nc5 23. Bc2 Rd7 24. Rab1 Rxd4 25. Ne4 Bxe4 26. fxe4 Qd8 27. Qe5 1-0

[Event "FIDE Open World Rapid 2024"]
[Site "New York"]
[Date "2024.12.27"]
[Round "6.3"]
[White "Sargsyan, Shant"]
[Black "Naroditsky, Daniel"]
[Result "1/2-1/2"]
[ECO "B38"]
[WhiteElo "2646"]
[BlackElo "2619"]
[Annotator "ChessBase"]
[PlyCount "72"]
[EventDate "2024.12.14"]
[EventType "swiss"]
[EventCountry "USA"]
[SourceTitle "playchess.com"]
[Source "ChessBase"]
[SourceQuality "1"]
[TimeControl "900+10"]

1. e4 c5 2. Nf3 g6 3. c4 Bg7 4. d4 cxd4 5. Nxd4 Nc6 6. Be3 Qb6 7. Nb3 Qd8 8. Qd2 Nf6 9. f3 d6 10. Nc3 Be6 11. Be2 O-O 12. O-O a5 13. Na4 Nd7 14. Rad1 Nce5 15. c5 Nc4 16. Qc1 Nxe3 17. Qxe3 dxc5 18. Nbxc5 Nxc5 19. Qxc5 Qc8 20. b3 Rd8 21. Rxd8+ Qxd8 22. Rd1 Qf8 23. Kf1 h5 24. Nb6 Rd8 25. Qxa5 Rxd1+ 26. Bxd1 Bd4 27. Nd5 Qh6 28. Qb4 Be5 29. Nxe7+ Kh7 30. Qc5 Bxh2 31. Nd5 Bxd5 32. Qxd5 Qe3 33. Qxf7+ Kh6 34. Qf8+ Kh7 35. Qf7+ Kh6 36. Qf8+ Kh7 1/2-1/2

[Event "FIDE Open World Rapid 2024"]
[Site "New York"]
[Date "2024.12.27"]
[Round "6.3"]
[White "Bologan, Victor"]
[Black "Amartuvshin, Ganzorig"]
[Result "1/2-1/2"]
[ECO "C50"]
[WhiteElo "2600"]
[BlackElo "2392"]
[Annotator "ChessBase"]
[PlyCount "183"]
[EventDate "2024.12.14"]
[EventType "swiss"]
[EventCountry "USA"]
[SourceTitle "playchess.com"]
[Source "ChessBase"]
[SourceQuality "1"]
[TimeControl "900+10"]

1. e4 e5 2. Nf3 Nc6 3. Bc4 Bc5 4. d3 Nf6 5. a4 a5 6. c3 d6 7. O-O Ba7 8. Re1 O-O 9. h3 h6 10. Bb3 Be6 11. Bxe6 fxe6 12. Be3 Bxe3 13. Rxe3 Qe8 14. Nbd2 Nh5 15. g3 Nf6 16. Qb3 g5 17. Kg2 Rb8 18. d4 g4 19. hxg4 Nxg4 20. Re2 Qg6 21. Nh4 Qf7 22. Ndf3 Kh8 23. Rh1 Rg8 24. d5 exd5 25. Qxd5 Qxd5 26. exd5 Ne7 27. c4 Rbf8 28. Nd2 Kh7 29. Ne4 b6 30. Nf3 Kg7 31. Rh4 Nf6 32. Nxf6 Rxf6 33. Rg4+ Kf7 34. Rxg8 Kxg8 35. Nd4 Nf5 36. Ne6 Rf7 37. f4 exf4 38. gxf4 Ng7 39. Kf3 Nf5 40. Rg2+ Kh7 41. Ke4 Ng7 42. Rf2 Nh5 43. Rh2 Nf6+ 44. Kf3 Kg6 45. Rg2+ Kh7 46. b3 Nd7 47. Rh2 Kg6 48. Nxc7 Nc5 49. Nb5 Rf6 50. Nd4 h5 51. Rg2+ Kf7 52. Rg5 Nd3 53. Ne6 Rh6 54. Rf5+ Ke7 55. Rg5 h4 56. Rg1 h3 57. Rh1 Kf6 58. Ng5 h2 59. Ne4+ Ke7 60. Kg3 Rh8 61. f5 Nc5 62. f6+ Kf7 63. Nxd6+ Kxf6 64. Rxh2 Rxh2 65. Kxh2 Nxb3 66. Nc8 Ke5 67. Kg3 Nd2 68. Nxb6 Kd6 69. Kf4 Kc5 70. Nd7+ Kxc4 71. Nf6 Kc5 72. Ke5 Nc4+ 73. Ke6 Kb4 74. Ng4 Kxa4 75. Ne3 Nd2 76. Ke5 Nf3+ 77. Ke4 Ng5+ 78. Kf5 Nf7 79. Ke6 Ng5+ 80. Kf6 Ne4+ 81. Ke5 Nc5 82. d6 Kb3 83. Kd5 Nd7 84. Kc6 Ne5+ 85. Kc7 a4 86. Ng4 Nf7 87. d7 a3 88. Ne5 a2 89. Nxf7 a1=Q 90. d8=Q Qa5+ 91. Kd7 Qxd8+ 92. Nxd8 1/2-1/2

[Event "FIDE Open World Rapid 2024"]
[Site "New York"]
[Date "2024.12.27"]
[Round "6.4"]
[White "Giri, Anish"]
[Black "Aronian, Levon"]
[Result "1-0"]
[ECO "A30"]
[WhiteElo "2733"]
[BlackElo "2747"]
[Annotator "TA"]
[PlyCount "102"]
[EventDate "2024.12.14"]
[EventType "swiss"]
[EventCountry "USA"]
[SourceTitle "playchess.com"]
[Source "ChessBase"]
[SourceQuality "1"]
[TimeControl "900+10"]

1. Nf3 Nf6 2. g3 c5 3. Bg2 Nc6 4. c4 d5 5. cxd5 Nxd5 6. Nc3 Nxc3 7. bxc3 e5 8. d3 Be7 9. Nd2 Bd7 10. Rb1 Rb8 11. O-O O-O 12. a4 Na5 13. c4 Qe8 14. Ra1 f5 15. Bb2 Bd6 16. Bc3 b6 17. e3 Kh8 18. Re1 Rd8 19. d4 e4 20. Qc2 Nc6 21. Qb2 Qg6 22. a5 bxa5 ({Better is} 22... Nxa5 $1 $11 23. d5 Bc7) 23. dxc5 $1 $14 Bxc5 24. Nb3 $1 Bb6 25. c5 Bc7 26. Nxa5 Rb8 27. Qd2 Bxa5 28. Bxa5 Rf7 (28... Be6 $142) 29. Bc3 h6 30. Red1 Qe6 31. Bf1 {[%emt 0:01:03] This pair of bishops is nice.} Kh7 32. Qd6 Qb3 33. Rdc1 Be8 34. Qd1 Qe6 35. Ra6 Rfb7 36. h4 Qf7 37. Qc2 (37. Kg2 $14) 37... Rc8 (37... Qd5 $11) 38. Qa2 (38. Rd1 {feels hotter.} Rbc7 39. Qa2 Qe7 40. Rd6) 38... Qxa2 39. Rxa2 {[%emt 0:00:02] Black must now prevent Ba6.} Nb8 40. Be5 {[%emt 0:00:15] Black is weak on the dark squares} Bd7 41. h5 {[%emt 0:01:06] White is more active.} Be6 42. Raa1 Rd7 {[%emt 0:00:01] [#]} (42... Kg8 $16 43. Bd6 Kf7) 43. c6 $1 $18 Nxc6 44. Ba6 Nxe5 $2 (44... Rdd8) 45. Bxc8 Re7 46. Bxe6 Rxe6 47. Rxa7 {[%emt 0:00:02] KRR-KRN} Re8 48. Rcc7 Rg8 49. Rc5 Re8 50. Kg2 Kh8 51. Raa5 Nf3 1-0

[Event "FIDE Open World Rapid 2024"]
[Site "New York"]
[Date "2024.12.27"]
[Round "6.4"]
[White "Ghaem Maghami, Ehsan"]
[Black "Smirnov, Mark"]
[Result "1-0"]
[ECO "C60"]
[WhiteElo "2434"]
[BlackElo "2336"]
[Annotator "ChessBase"]
[PlyCount "151"]
[EventDate "2024.12.14"]
[EventType "swiss"]
[EventCountry "USA"]
[SourceTitle "playchess.com"]
[Source "ChessBase"]
[SourceQuality "1"]
[TimeControl "900+10"]

1. e4 e5 2. Nf3 Nc6 3. Bb5 g6 4. O-O Bg7 5. Bxc6 dxc6 6. b3 Bg4 7. h3 h5 8. d3 Be6 9. Bb2 Qd6 10. Nbd2 Ne7 11. Ng5 O-O 12. Nxe6 Qxe6 13. b4 a5 14. a3 Nc8 15. Nb3 axb4 16. axb4 Nd6 17. Qd2 Qe7 18. f4 exf4 19. Bxg7 Kxg7 20. Rxa8 Rxa8 21. Qxf4 f6 22. Nd4 Re8 23. Nf3 Nf7 24. Qg3 Qd6 25. Qxd6 cxd6 26. Ra1 Ne5 27. Nd4 Kf7 28. Nb3 Re7 29. Ra7 d5 30. exd5 cxd5 31. Ra5 Rc7 32. Nd4 Nc6 33. Rc5 Ke7 34. c3 Rc8 35. Ne2 Rd8 36. Nf4 d4 37. Nxg6+ Kf7 38. Nf4 dxc3 39. Rxc3 Rd4 40. b5 Rxf4 41. bxc6 bxc6 42. Rxc6 Rd4 43. Rc3 Kg6 44. Kf2 Kg5 45. Rc5+ f5 46. Ke3 Rd8 47. Rc4 Re8+ 48. Kf3 h4 49. Rc2 f4 50. Rc5+ Kf6 51. Kxf4 Re2 52. Rc6+ Kf7 53. Kf3 Rd2 54. Rd6 Rd1 55. Rd4 Rf1+ 56. Ke2 Rg1 57. Kf2 Rd1 58. Rxh4 Rxd3 59. Rf4+ Kg6 60. Rf3 Rd2+ 61. Kg3 Kh5 62. Rf5+ Kg6 63. Re5 Ra2 64. h4 Ra4 65. Rb5 Kh6 66. Kh3 Rc4 67. g3 Ra4 68. Rb6+ Kh7 69. h5 Rc4 70. g4 Rc5 71. Kh4 Rc7 72. h6 Rc5 73. g5 Rc1 74. Rb7+ Kg6 75. Rg7+ Kf5 76. h7 1-0

[Event "FIDE Open World Rapid 2024"]
[Site "New York"]
[Date "2024.12.27"]
[Round "6.5"]
[White "Sindarov, Javokhir"]
[Black "Nakamura, Hikaru"]
[Result "1/2-1/2"]
[ECO "B48"]
[WhiteElo "2682"]
[BlackElo "2802"]
[Annotator "TA"]
[PlyCount "41"]
[EventDate "2024.12.14"]
[EventType "swiss"]
[EventCountry "USA"]
[SourceTitle "playchess.com"]
[Source "ChessBase"]
[SourceQuality "1"]
[TimeControl "900+10"]

1. e4 c5 2. Nf3 e6 3. d4 cxd4 4. Nxd4 a6 5. Nc3 b5 6. Be3 Bb7 7. a3 Nf6 8. Bd3 Qc7 9. O-O Nc6 10. Nxc6 dxc6 11. f4 c5 12. e5 c4 ({Black should play} 12... Nd5 $11 13. Nxd5 exd5) 13. exf6 $14 cxd3 14. cxd3 gxf6 15. Rc1 Qd7 {[%emt 0:02:24] [#]} 16. f5 $1 {[%emt 0:00:08] and fxe6 would now be decisive} Rg8 17. Ne4 Bxe4 18. dxe4 Qxd1 19. Rfxd1 {[%emt 0:00:01] Black should prevent Kf2.} Rg4 20. fxe6 Rxe4 21. exf7+ 1/2-1/2

[Event "FIDE Open World Rapid 2024"]
[Site "New York"]
[Date "2024.12.27"]
[Round "6.5"]
[White "Zhalmakhanov, Ramazan"]
[Black "Kobalia, Mikhail"]
[Result "1-0"]
[ECO "C76"]
[WhiteElo "2486"]
[BlackElo "2543"]
[Annotator "ChessBase"]
[PlyCount "89"]
[EventDate "2024.12.14"]
[EventType "swiss"]
[EventCountry "USA"]
[SourceTitle "playchess.com"]
[Source "ChessBase"]
[SourceQuality "1"]
[TimeControl "900+10"]

1. e4 e5 2. Nf3 Nc6 3. Bb5 a6 4. Ba4 d6 5. O-O Bd7 6. c3 g6 7. d4 Bg7 8. Re1 Nge7 9. dxe5 dxe5 10. Be3 O-O 11. Nbd2 b6 12. b4 Qe8 13. Bb3 Kh8 14. Nc4 f6 15. a4 Be6 16. Qb1 Bg8 17. a5 b5 18. Ncd2 Nd8 19. Bxg8 Rxg8 20. Nb3 Ne6 21. Nc5 Nc8 22. Qb3 Nxc5 23. Bxc5 Bf8 24. Be3 Nd6 25. Nd2 Qc6 26. Bc5 Nb7 27. Be3 Nd6 28. f3 Nc4 29. Nxc4 bxc4 30. Qd1 Be7 31. Qd5 Qxd5 32. exd5 Rgd8 33. Rad1 Rab8 34. f4 Rb5 35. fxe5 fxe5 36. Bf4 Rbxd5 37. Rxd5 Rxd5 38. Rxe5 Rd1+ 39. Kf2 Bf6 40. Rc5 Rd3 41. Rxc4 Rxc3 42. Rxc3 Bxc3 43. b5 Bxa5 44. bxa6 Bb6+ 45. Kf3 1-0

[Event "FIDE Open World Rapid 2024"]
[Site "New York"]
[Date "2024.12.27"]
[Round "6.6"]
[White "Abdusattorov, Nodirbek"]
[Black "Sadhwani, Raunak"]
[Result "1-0"]
[ECO "A28"]
[WhiteElo "2777"]
[BlackElo "2673"]
[Annotator "TA"]
[PlyCount "69"]
[EventDate "2024.12.14"]
[EventType "swiss"]
[EventCountry "USA"]
[SourceTitle "playchess.com"]
[Source "ChessBase"]
[SourceQuality "1"]
[TimeControl "900+10"]

1. c4 e5 2. Nc3 Nf6 3. Nf3 Nc6 4. d3 d5 5. cxd5 Nxd5 6. e4 Nf6 7. Be2 h6 8. O-O Bd6 {[%emt 0:00:02] The position is equal.} 9. Be3 O-O 10. h3 a6 11. Rc1 Be6 12. d4 exd4 13. Nxd4 Nxd4 14. Qxd4 {[%emt 0:00:08] Black must now prevent e5.} Nd7 (14... c5 $11 15. Qd2 Qe7) 15. Qd2 $14 Qh4 ({Black should try} 15... Qe7 $14) 16. f4 $16 f5 17. e5 Bc5 (17... Bb4 $16) 18. Bxc5 $1 $18 Nxc5 {[%emt 0:00:02] [#]} 19. Qe3 (19. Qd4 $1 $18 b6 20. b4) 19... Qe7 $16 20. Bf3 Rad8 {[%emt 0:01:16] [#] Against Nd5} 21. Rfd1 $1 {[%emt 0:00:01] Wards off Rd3} Rxd1+ 22. Rxd1 a5 23. a3 Kh8 24. Kh2 b6 25. Nb5 g5 26. b4 {[%emt 0:00:23] White is more active.} axb4 27. axb4 Na6 {[%emt 0:00:12] This costs Black the game.} (27... Ne4 $16 28. Nd4 c5) 28. Nd4 $18 g4 $2 (28... Re8 29. Bb7 c5 30. Nxe6 (30. Bxa6 cxd4 31. Qxd4 Qg7 $18) 30... Qxb7) 29. Nxe6 {[%emt 0:00:41] White is clearly winning.} Qxe6 30. Bd5 Qe7 {[%emt 0:00:01] Black is weak on the light squares} 31. e6 Rg8 32. Bc4 g3+ 33. Kg1 {[%emt 0:00:01] White wants to mate with Qe5+.} Nxb4 34. Qe5+ Qg7 35. e7 {[%emt 0:00:02] Weighted Error Value: White=0.05 (flawless) /Black=0.39.  Mistake:       	White=1     	Black=5      Inaccurate:     	---       	Black=2      OK:         	White=14    	Black=6      Best:        	White=1     	---        Strong:       	White=1     	---} ({Weaker is} 35. Qxf5 Nc6 $16) 1-0

[Event "FIDE Open World Rapid 2024"]
[Site "New York"]
[Date "2024.12.27"]
[Round "6.6"]
[White "Macovei, Andrei"]
[Black "Liang, Awonder"]
[Result "0-1"]
[ECO "C54"]
[WhiteElo "2477"]
[BlackElo "2687"]
[Annotator "ChessBase"]
[PlyCount "82"]
[EventDate "2024.12.14"]
[EventType "swiss"]
[EventCountry "USA"]
[SourceTitle "playchess.com"]
[Source "ChessBase"]
[SourceQuality "1"]
[TimeControl "900+10"]

1. e4 e5 2. Nf3 Nc6 3. Bc4 Bc5 4. c3 Nf6 5. d4 exd4 6. e5 d5 7. Be2 Ne4 8. cxd4 Bb6 9. Nc3 O-O 10. O-O Ne7 11. Na4 Ba5 12. a3 c6 13. b4 Bc7 14. Bb2 f6 15. exf6 Rxf6 16. Ne5 Ng6 17. f3 Nd6 18. Re1 Nf4 19. Bf1 Rh6 20. Bc1 Qh4 21. Bxf4 Qxf4 22. g3 Qf8 23. Nc5 b6 24. Nb3 Nf7 25. f4 Bf5 26. Rc1 Be4 27. Bd3 g5 28. Bxe4 dxe4 29. Rxe4 Nd6 30. Re1 gxf4 31. Qg4+ Kh8 32. Rxc6 fxg3 33. hxg3 Qf6 34. Nd7 Qf7 35. Qg5 Ne4 36. Rxe4 Rxc6 37. Ne5 Qxb3 38. Rg4 Qd1+ 39. Kf2 Rf8+ 40. Ke3 Rc3+ 41. Ke4 Qh1+ 0-1

[Event "FIDE Open World Rapid 2024"]
[Site "New York"]
[Date "2024.12.27"]
[Round "6.7"]
[White "Sevian, Samuel"]
[Black "Duda, Jan-Krzysztof"]
[Result "1/2-1/2"]
[ECO "D00"]
[WhiteElo "2696"]
[BlackElo "2740"]
[Annotator "TA"]
[PlyCount "153"]
[EventDate "2024.12.14"]
[EventType "swiss"]
[EventCountry "USA"]
[SourceTitle "playchess.com"]
[Source "ChessBase"]
[SourceQuality "1"]
[TimeControl "900+10"]

1. d4 Nf6 2. Nc3 d5 3. Bf4 c5 4. e3 Bg4 5. f3 Bd7 6. Nb5 Bxb5 7. Bxb5+ Nc6 8. c3 (8. dxc5 $2 Qa5+ 9. c3 Qxb5 $19) 8... e6 9. Ne2 a6 10. Bxc6+ bxc6 11. O-O Be7 12. Qa4 Qb6 13. b4 cxb4 14. cxb4 O-O 15. Rfc1 Rfc8 16. Rab1 Nd7 17. Bg3 Qb7 18. Nc3 Nb6 19. Qc2 (19. Qd1 $1 $15) 19... Nc4 $17 20. Qd3 Bxb4 21. Na4 Qe7 22. h3 a5 23. Kh2 h6 24. Rb3 Ra7 25. e4 h5 26. Rc2 h4 27. Bf2 Qg5 28. a3 (28. Kh1 $17) 28... Bd6+ 29. Kh1 {[%emt 0:00:01] [#]} (29. e5 $142 Bf8 30. Nb6) 29... Rac7 (29... Raa8 $1 $19 {...Rcb8 is the strong threat.} 30. e5 Bf8) 30. e5 Be7 31. Nb6 (31. Bg1 $17 {is a better defense.}) 31... Nxb6 $19 32. Rxb6 g6 33. Be3 {[%emt 0:00:19] [#]} Qf5 $1 34. Qxf5 gxf5 35. Rc3 $2 (35. a4) 35... c5 36. Ra6 (36. dxc5 $142 Bxc5 37. Bxc5 Rxc5 38. Rxc5 Rxc5 39. Rb8+ Kg7 40. Ra8) 36... cxd4 37. Rxc7 Rxc7 38. Bxd4 {[%emt 0:00:02][%mdl 4096] Endgame KRB-KRB. Black is a pawn up.} Bg5 (38... Bxa3 39. Rxa5 Be7 (39... Rc1+ $2 40. Kh2 $19) 40. Kg1 $19) 39. g4 $2 (39. Kg1) 39... hxg3 40. Rxa5 Rc4 41. Bb6 d4 {[%emt 0:00:10] ( -> ...d3)} 42. Ra8+ Kg7 43. Bd8 Bxd8 (43... Kh6 $142 44. Bxg5+ Kxg5 45. Rb8 Kf4 46. Rb3 Rc3 (46... Kxe5 $2 47. Kg2 $19) 47. Rb1 d3 (47... Kxf3 $2 48. h4 $19) (47... Kxe5 $2 48. h4 $19) (47... Rxf3 $2 48. Rb4 $19) (47... Rxa3 $2 48. Kg1 $19) 48. h4 Kxf3 (48... Rxa3 $2 49. h5 $19) 49. Rf1+ Ke2 50. Kg2 d2 (50... Rxa3 $2 51. h5 $19) 51. Ra1 f4 (51... d1=B $2 52. Kh3 $19) (51... d1=R $2 52. Ra2+ Ke1 53. Kh3 $19) (51... d1=Q 52. Rxd1 Kxd1 53. h5 f4 54. Kh3 Ke2 55. Kh4 g2 56. Kg5 g1=Q+ 57. Kf6 Rc7 58. a4 f3 59. a5 f2 60. h6 f1=Q#) 52. Rb1 f3+ (52... d1=R 53. Rxd1 Kxd1 54. h5 Ke1 55. Kh3 f3 56. Kxg3 f2+ 57. Kh4 f1=Q 58. Kg5 Rh3 59. Kh6 Qg2 60. Kh7 Rxh5#) (52... d1=N 53. h5 $19) 53. Kxg3 f2+ (53... d1=B $2 54. Rxd1 Kxd1 55. Kf2 $19) 54. Kg4 d1=N 55. Rxd1 Kxd1 56. Kg5 f1=Q (56... f1=B $2 57. Kf6 $19) 57. Kh6 Qg1 (57... Rxa3 58. Kg7 Ra8 59. h5 Qf5 60. Kh6 Qxe5 61. Kh7 Qh8#) 58. h5 Rh3 59. Kh7 Rxh5#) 44. Rxd8 {[%emt 0:00:02] KR-KR. Black is a pawn up.} f4 45. h4 f6 (45... Rc3 $142 46. Rxd4 Rxf3 (46... Rxa3 47. Rxf4 Re3 48. Rg4+ Kh6 49. Rf4 $11)) 46. Rd7+ Kg6 47. h5+ Kg5 {[%emt 0:00:19] ( -> ...Kh4)} 48. exf6 Kxf6 (48... Kh4 $142 49. Rb7 d3 (49... Kxh5 50. f7 $19) 50. Kg2 d2 (50... Kxh5 $2 51. f7 $19) (50... Rc2+ 51. Kg1 d2 52. Rd7 Kh3 53. Kf1 g2+ 54. Ke2 g1=Q 55. Rxd2 Qh2+ 56. Ke1 Qxd2+ 57. Kf1 Qf2#) 51. Rd7 Rc2 (51... Kxh5 52. f7 $17) 52. Kg1 Kh3 (52... Kxh5 53. f7 $17) (52... Rc1+ 53. Kg2 d1=Q 54. Rxd1 Rxd1 55. f7 Rd2+ 56. Kg1 Kh3 57. Kf1 g2+ 58. Kg1 Kg3 59. f8=Q Rd1#) 53. Kf1 Rc1+ (53... g2+ 54. Ke2 g1=Q 55. Rxd2 Qh2+ 56. Kd3 Qxd2+ 57. Ke4 Qe3#) 54. Ke2 g2 55. Rxd2 g1=Q (55... g1=B 56. Rd7 $11) 56. Rd1 Qxd1+ 57. Kf2 Qf1#) 49. h6 e5 50. h7 Rc1+ 51. Kg2 Rc2+ 52. Kf1 Rf2+ 53. Kg1 Rh2 $1 {[%emt 0:00:01] ( -> ...Ke6)} (53... Rxf3 54. h8=Q+ (54. h8=N $2 Rxa3 55. Kg2 Kf5 $19) 54... Ke6 55. Qh3+ (55. Qe8+ Kf5 56. Qf7+ Ke4 57. Qd5+ Kd3 58. Qxf3+ Kd2 59. Rb7 d3 60. Rb3 e4 61. Qxe4 Kc1 62. Qxd3 g2 63. Rb1#) 55... Kf6 56. Rd6+ Kg7 57. Qd7+ (57. Qg4+ Kf7 58. Qe6+ Kf8 59. Qf6+ Kg8 60. Rd8+ Kh7 61. Rh8#) 57... Kh8 58. Qc8+ Kh7 59. Qb7+ Kh8 60. Rd8#) 54. Kf1 Ke6 55. Rg7 d3 56. Rg6+ Kf5 57. Rd6 Rxh7 58. Rxd3 Rh1+ 59. Kg2 Rh2+ 60. Kg1 Ra2 61. Rb3 Rd2 62. a4 Ra2 63. Rb4 Kg5 64. Rb5 Kf5 ({Inferior is} 64... Rxa4 65. Rxe5+ Kh4 66. Rf5 $11) 65. Rb4 $1 Ke6 66. Rb6+ Kd5 67. Rb4 Ra3 (67... Rf2 $142 68. Rb5+ Kd4 69. a5 Rxf3 70. Rb4+ Kc5 (70... Kd5 $2 71. Ra4 $19) 71. Rb8 Kd5 72. Rb2 Rf2 (72... Ra3 $2 73. Kg2 $19) 73. Rxf2 gxf2+ 74. Kxf2 e4 75. Kg2 f3+ 76. Kg3 Kc6 77. a6 Kb6 78. Kh3 e3 (78... Kxa6 79. Kg3 Kb5 80. Kf2 Kc4 81. Ke3 Kc3 82. Kf2 Kd3 83. Kg3 Ke3 84. Kg4 f2 85. Kf5 f1=Q+ 86. Ke5 Kd3 87. Ke6 e3 88. Ke5 e2 89. Kd6 e1=Q 90. Kc7 Qf7+ 91. Kc6 Qa5 92. Kd6 Qad5#) 79. Kg3 f2 (79... Kxa6 80. Kxf3 Kb7 81. Kxe3 $11) 80. Kf3 f1=Q+ (80... f1=R+ $2 81. Kxe3 Re1+ 82. Kf4 $19) 81. Kxe3 Qxa6 82. Kf4 Qa4+ 83. Kf3 Kc5 84. Kg3 Qe4 85. Kh2 Kd4 86. Kh3 Qg6 87. Kh4 Ke4 88. Kh3 Kf3 89. Kh4 Qh6#) 68. Kg2 Ra2+ (68... Ra1 $19 69. Rb5+ Kd6 70. Rb6+ Kd5 71. Rb5+) 69. Kg1 $1 Rf2 70. Rb5+ Kd4 71. Rb4+ Kc5 (71... Kc3 $142 72. Re4 Rxf3 73. Rxe5 Re3 74. Rg5 Kd3 75. Kg2 Ke4 76. Rg4 Re2+ 77. Kf1 Ra2 78. Rg7 Kf3 (78... Rxa4 $2 79. Rg8 $19) 79. Ke1 Kg2 (79... Rxa4 $2 80. Rg6 $19) 80. Rd7 f3 (80... Rxa4 81. Rd2+ Kh3 82. Ke2 $19) 81. Rd2+ f2+ 82. Kd1 Rxd2+ (82... Rxa4 83. Re2 Kf3 84. Kd2 Ra2+ 85. Kc3 Kxe2 86. Kd4 f1=Q 87. Ke5 Rd2 88. Ke6 g2 89. Ke7 g1=Q 90. Ke8 Qe3#) 83. Kxd2 Kf3 (83... f1=B $2 84. Ke1 $19) (83... f1=Q {gets mated.} 84. Kc3 Kh2 85. Kb4 g2 86. Kc3 g1=Q 87. a5 Qc5+ 88. Kb2 Qcc1+ 89. Kb3 Qfc4#) 84. Kd3 g2 (84... f1=B+ 85. Kd4 g2 86. Ke5 g1=Q 87. Ke6 Qb6+ 88. Ke7 Qc7+ 89. Kf6 Bc4 90. a5 Qf7+ 91. Kg5 Bd3 92. Kh4 Qf5 93. a6 Qg4#) (84... f1=Q+ 85. Kc3 g2 86. Kb4 g1=Q 87. a5 Qd4+ 88. Kb3 Qdc4+ 89. Kb2 Qfc1#) 85. Kc4 f1=Q+ (85... g1=B 86. Kd5 f1=Q 87. Kd6 Qd1+ 88. Ke6 Kg4 89. Ke7 Bc5+ 90. Ke8 Qd5 91. a5 Kg5 92. a6 Qe6+ 93. Kd8 Bb6#) 86. Kc5 g1=Q+ (86... g1=R 87. Kd5 Rg5+ 88. Ke6 Qa6+ 89. Kf7 Qh6 90. Ke8 Qh7 91. Kf8 Rg8#) 87. Kd5 Qd1+ 88. Kc6 Qa7 89. Kb5 Qdxa4#) 72. Rb5+ Kd6 73. Rb6+ Kd7 74. Rb3 Ra2 75. Rb4 Kc6 {[%emt 0:00:01] ( -> ...Kd5)} 76. Rc4+ Kd5 (76... Kd6 $142 77. Rb4 Rd2) 77. Rb4 1/2-1/2

[Event "FIDE Open World Rapid 2024"]
[Site "New York"]
[Date "2024.12.27"]
[Round "6.7"]
[White "Corrales Jimenez, Fidel"]
[Black "Banh Gia Huy"]
[Result "1-0"]
[ECO "C02"]
[WhiteElo "2555"]
[BlackElo "2422"]
[Annotator "ChessBase"]
[PlyCount "129"]
[EventDate "2024.12.14"]
[EventType "swiss"]
[EventCountry "USA"]
[SourceTitle "playchess.com"]
[Source "ChessBase"]
[SourceQuality "1"]
[TimeControl "900+10"]

1. e4 e6 2. d4 d5 3. e5 c5 4. c3 Qb6 5. Nf3 Bd7 6. Be2 Bb5 7. dxc5 Bxc5 8. b4 Bxf2+ 9. Kf1 Bc6 10. a4 a6 11. a5 Qa7 12. Na3 Be3 13. c4 Bxc1 14. Qxc1 Ne7 15. b5 axb5 16. cxb5 Nd7 17. Nc2 Qc5 18. Ncd4 Qxc1+ 19. Rxc1 Rxa5 20. Kf2 O-O 21. bxc6 bxc6 22. Nxc6 Nxc6 23. Rxc6 d4 24. Rd6 Nxe5 25. Nxe5 Rxe5 26. Rxd4 h5 27. Rhd1 g6 28. Rd7 Rc8 29. Bf3 Rc2+ 30. Kg3 Kg7 31. Re7 Rc8 32. Rdd7 Rf8 33. Kf4 Rf5+ 34. Ke4 Kf6 35. h3 Ra5 36. Kf4 Ra4+ 37. Kg3 Rc4 38. Ra7 Rcc8 39. Kf4 Rce8 40. Rec7 Rc8 41. Bc6 Rxc7 42. Rxc7 Rb8 43. Ke4 Rb4+ 44. Kd3 Rb8 45. Kd4 Rd8+ 46. Rd7 Rb8 47. Ra7 Rd8+ 48. Kc5 Rd2 49. Be8 Rxg2 50. Rxf7+ Kg5 51. Bd7 Kh4 52. Bxe6 g5 53. Rh7 Rc2+ 54. Kd4 Rg2 55. Bg4 Ra2 56. Rxh5+ Kg3 57. Rxg5 Kh4 58. Rh5+ Kg3 59. Rh8 Ra4+ 60. Ke5 Ra5+ 61. Kf6 Ra4 62. Bf5 Ra6+ 63. Be6 Rb6 64. h4 Rb4 65. h5 1-0